Blues vs Flyers
Created - 26 décembre 2014 at 19:14
Goals
|
Blues |
1 |
2 |
0 |
3 |
Flyers |
0 |
2 |
2 |
4 |
|
Shots
|
Blues |
4 |
10 |
13 |
27 |
Flyers |
6 |
10 |
11 |
27 |
|
1st period
1. Blues , Marian Hossa 22 (Andrew Cogliano) at 0:58
Penalties :
Michael Frolik (STL) for Cross-checking (Minor) at 0:22, Jonathan Ericsson (Phi) for Tripping (Minor) at 0:28, Paul Kariya (STL) for High sticking (Minor) at 3:32, Paul Gaustad (Phi) for Hooking (Minor) at 8:16
2nd period
2. Flyers , Martin St. Louis 18 (Jeff Carter, Scott Hartnell) at 3:03
3. Blues , Dan Boyle 8 (Erik Rasmussen, Sergei Shirokov) at 6:20
4. Blues , Marian Hossa 23 (Travis Zajac, Kevin Shattenkirk) at 16:03
5. Flyers , Ryane Clowe 14 (Paul Gaustad) at 19:43
Penalties :
Marian Hossa (STL) for Slashing (Minor) at 3:17, Brian Lee (STL) for Roughing (Minor) at 6:58, Ladislav Smid (Phi) for Tripping (Minor) at 10:11, David Perron (STL) for Holding (Minor) at 13:45, Martin St. Louis (Phi) for Hooking (Minor) at 16:06
3rd period
6. Flyers , Petr Schastlivy 3 (Ladislav Smid) at 8:09
7. Flyers , Petr Schastlivy 4 (Matthew Lombardi) at 13:47
Penalties :
Stephane Robidas (Phi) for High sticking (Minor) at 5:12, Brian Lee (STL) for Hooking (Minor) at 8:38
Goalie Stats
Tuukka Rask (STL), 23 saves from 27 shots - (0,852), L, 17-10-2, 59:20 minutes
Antti Niemi (Phi), 24 saves from 27 shots - (0,889), W, 18-9-5, 60:00 minutes
Players Stats for Blues
Player Name G A P +/- PIM S H SB GA TA FO MP PP MP PK MP
------------------------------------------------------------------------------------
Ales Kotalik 0 0 0 0 0 0 1 1 0 0 3/6 10:13 0:00 5:16
Andrew Cogliano 0 1 1 -1 0 1 0 0 1 1 2/11 16:25 0:10 4:14
Brian Lee 0 0 0 -1 4 1 3 2 1 0 0/0 15:19 3:02 0:00
Bryce Lampman 0 0 0 -1 0 1 0 1 0 1 0/0 22:19 0:02 6:09
Dan Boyle 1 0 1 0 0 3 2 1 0 1 0/0 22:05 5:00 0:00
David Perron 0 0 0 -2 2 1 0 0 0 0 0/1 16:17 3:01 1:39
Derek Stepan 0 0 0 0 0 0 0 0 0 0 1/7 4:58 4:49 0:00
Drew Fata 0 0 0 0 0 2 2 1 0 1 0/0 17:24 0:00 6:09
Erik Rasmussen 0 1 1 -1 0 1 1 0 0 1 3/6 11:41 0:00 0:01
Kevin Shattenkirk 0 1 1 0 0 0 2 1 0 0 0/0 20:38 3:02 3:52
Kristopher Letang 0 0 0 0 0 2 1 3 1 2 0/0 22:53 4:58 3:52
Marcel Hossa 0 0 0 -1 0 2 1 0 0 1 0/1 11:05 0:00 0:01
Marian Hossa 2 0 2 2 2 4 4 0 0 0 0/1 18:43 4:49 0:00
Michael Frolik 0 0 0 -2 2 2 2 0 0 0 0/0 13:14 3:03 0:00
Paul Kariya 0 0 0 1 2 2 2 0 0 0 0/1 18:36 5:01 0:00
Sergei Shirokov 0 1 1 -1 0 2 0 0 0 1 0/0 14:37 0:00 3:36
Taylor Pyatt 0 0 0 0 0 0 0 0 0 0 0/1 11:15 0:10 5:15
Travis Zajac 0 1 1 1 0 3 1 0 1 0 8/26 20:18 3:03 0:00
Players Stats for Flyers
Player Name G A P +/- PIM S H SB GA TA FO MP PP MP PK MP
------------------------------------------------------------------------------------
Derek Boogaard 0 0 0 -1 0 0 2 0 0 0 0/0 11:42 0:09 1:28
Eric Brewer 0 0 0 0 0 0 3 0 0 0 0/0 23:16 4:14 3:15
Jeff Carter 0 1 1 0 0 4 1 0 0 0 13/22 18:24 5:23 0:50
Jeff O'Neill 0 0 0 -1 0 1 1 0 0 1 15/17 15:52 0:09 4:47
Jonathan Ericsson 0 0 0 1 2 2 0 0 1 1 0/0 26:22 5:46 5:09
Ladislav Smid 0 1 1 0 2 0 5 0 0 1 0/0 16:48 0:00 2:46
Martin St. Louis 1 0 1 0 2 2 2 0 1 0 4/5 18:37 5:23 0:00
Matthew Lombardi 0 1 1 2 0 0 1 0 0 0 3/4 10:22 0:00 2:23
Michael Ryder 0 0 0 -1 0 0 0 1 1 0 1/1 10:11 0:09 0:00
Miroslav Satan 0 0 0 0 0 2 0 0 0 0 1/1 15:22 4:29 0:02
Pascal Dupuis 0 0 0 2 0 1 2 0 0 0 0/0 9:55 0:00 1:56
Paul Gaustad 0 1 1 0 2 5 2 2 0 0 7/10 15:39 4:29 0:02
Petr Schastlivy 2 0 2 2 0 3 0 0 1 0 0/0 6:34 0:00 0:00
Ryane Clowe 1 0 1 1 0 4 2 0 3 0 0/0 14:25 4:29 0:00
Scott Hannan 0 0 0 0 0 1 0 0 0 0 0/0 11:14 0:00 0:05
Scott Hartnell 0 1 1 0 0 0 1 0 1 0 0/1 22:03 5:23 4:36
Stephane Robidas 0 0 0 2 2 2 1 1 1 1 0/0 20:48 5:47 0:00
Trevor Daley 0 0 0 -1 0 0 2 2 0 0 0/0 22:26 4:14 4:49
3 Stars
1 - Marian Hossa (STL)
2 - Petr Schastlivy (Phi)
3 - Ryane Clowe (Phi)
Power Play
Blues - 0 on 5 Attempt(s) - 0,00%
Flyers - 0 on 6 Attempt(s) - 0,00%
Penalty Kill
Blues - 6 on 6 Attempt(s) - 100,00%
- Score 0 goal in Penalty Kill
Flyers - 5 on 5 Attempt(s) - 100,00%
- Score 0 goal in Penalty Kill
Official
Referees : LaRue Dennis and McCauley Wes
Linesman : Brian Murphy and Dan Schachte
Game Notes
5:34 of 3rd period - Blues goal is going for a video replay. After video review, No Goal. The referee deems the play has been stopped, even if he had not physically had the opportunity to stop play by blowing his whistle.
Finance
Level 1 -- Attendance: 5272 (87,87%) -- Ticket Income 448 120 $
Level 2 -- Attendance: 4859 (97,18%) -- Ticket Income 242 950 $
Level 3 -- Attendance: 1989 (99,45%) -- Ticket Income 59 670 $
Level 4 -- Attendance: 3876 (96,90%) -- Ticket Income 77 520 $
Luxury Box -- Attendance: 885 (88,50%) -- Ticket Income 146 025 $
Game was played at the Wells Fargo Center
Total Attendance: 16881 (93,78%)
Total Ticket Income: 974 285 $
Other Income: 146 143 $
Total Income: 1 120 428 $
Blues
5 vs 5 Forward
Center Left Wing Right Wing Time % Phy DF OF
1 Travis Zajac Paul Kariya Marian Hossa 40 1 2 2
2 Andrew Cogliano David Perron Michael Frolik 30 1 2 2
3 Erik Rasmussen Marcel Hossa Sergei Shirokov 20 1 2 2
4 Travis Zajac Taylor Pyatt Ales Kotalik 10 1 2 2
5 vs 5 Defense
Defense Defense Time % Phy DF OF
1 Dan Boyle Bryce Lampman 40 1 2 2
2 Kristopher Letang Brian Lee 30 1 2 2
3 Drew Fata Kevin Shattenkirk 20 1 2 2
4 Dan Boyle Kristopher Letang 10 1 2 2
PowerPlay Forward
Center Left Wing Right Wing Time % Phy DF OF
1 Derek Stepan Paul Kariya Marian Hossa 60 1 2 2
2 Travis Zajac David Perron Michael Frolik 40 1 2 2
PowerPlay Defense
Defense Defense Time % Phy DF OF
1 Dan Boyle Kristopher Letang 60 1 2 2
2 Brian Lee Kevin Shattenkirk 40 1 2 2
Penalty Kill 4 Players Forward
Center Wing Time % Phy DF OF
1 Ales Kotalik Taylor Pyatt 60 1 2 2
2 Andrew Cogliano Sergei Shirokov 40 1 2 2
Penalty Kill 4 Players Defense
Defense Defense Time % Phy DF OF
1 Bryce Lampman Drew Fata 60 1 2 2
2 Kristopher Letang Kevin Shattenkirk 40 1 2 2
Penalty Kill - 3 Players Forward
Forward Time % Phy DF OF
1 Taylor Pyatt 60 1 2 2
2 Ales Kotalik 40 1 2 2
Penalty Kill - 3 Players Defense
Defense Defense Time % Phy DF OF
1 Drew Fata Bryce Lampman 60 1 2 2
2 Brian Lee Dan Boyle 40 1 2 2
4 vs 4 Forward
Center Wing Time % Phy DF OF
1 Travis Zajac Paul Kariya 60 1 2 2
2 Andrew Cogliano Marian Hossa 40 1 2 2
4 vs 4 Defense
Defense Defense Time % Phy DF OF
1 Dan Boyle Bryce Lampman 60 1 2 2
2 Kristopher Letang Brian Lee 40 1 2 2
Last Minutes Offensive
Center Left Wing Right Wing Defense Defense
Travis Zajac Paul Kariya Marian Hossa Dan Boyle Kristopher Letang
Last Minutes Defensive
Center Left Wing Right Wing Defense Defense
Andrew Cogliano Taylor Pyatt Sergei Shirokov Bryce Lampman Drew Fata
Goaltenders
Starting : Tuukka Rask
Backup : Cory Schneider
Extra Forwards
Normal : Andrew Cogliano, Taylor Pyatt, Sergei Shirokov - PP : Andrew Cogliano, Taylor Pyatt - PK : Sergei Shirokov
Extra Defensemen
Normal : Brian Lee, Kevin Shattenkirk, Bryce Lampman - PP : Brian Lee - PK : Kevin Shattenkirk, Bryce Lampman
Penalty Shots
David Perron, Michael Frolik, Marian Hossa, Travis Zajac, Paul Kariya
Flyers
5 vs 5 Forward
Center Left Wing Right Wing Time % Phy DF OF
1 Jeff Carter Scott Hartnell Martin St. Louis 40 1 2 2
2 Paul Gaustad Ryane Clowe Miroslav Satan 30 1 2 2
3 Jeff O'Neill Derek Boogaard Michael Ryder 20 1 2 2
4 Matthew Lombardi Petr Schastlivy Pascal Dupuis 10 1 2 2
5 vs 5 Defense
Defense Defense Time % Phy DF OF
1 Stephane Robidas Jonathan Ericsson 35 1 2 2
2 Eric Brewer Ladislav Smid 35 1 2 2
3 Trevor Daley Scott Hannan 20 1 2 2
4 Stephane Robidas Eric Brewer 10 1 2 2
PowerPlay Forward
Center Left Wing Right Wing Time % Phy DF OF
1 Jeff Carter Scott Hartnell Martin St. Louis 60 1 2 2
2 Paul Gaustad Ryane Clowe Miroslav Satan 40 1 2 2
PowerPlay Defense
Defense Defense Time % Phy DF OF
1 Stephane Robidas Jonathan Ericsson 60 1 2 2
2 Trevor Daley Eric Brewer 40 1 2 2
Penalty Kill 4 Players Forward
Center Wing Time % Phy DF OF
1 Jeff O'Neill Scott Hartnell 60 1 2 2
2 Matthew Lombardi Pascal Dupuis 40 1 2 2
Penalty Kill 4 Players Defense
Defense Defense Time % Phy DF OF
1 Trevor Daley Jonathan Ericsson 60 1 2 2
2 Ladislav Smid Eric Brewer 40 1 2 2
Penalty Kill - 3 Players Forward
Forward Time % Phy DF OF
1 Jeff O'Neill 60 1 2 2
2 Matthew Lombardi 40 1 2 2
Penalty Kill - 3 Players Defense
Defense Defense Time % Phy DF OF
1 Trevor Daley Jonathan Ericsson 60 1 2 2
2 Ladislav Smid Eric Brewer 40 1 2 2
4 vs 4 Forward
Center Wing Time % Phy DF OF
1 Martin St. Louis Jeff Carter 60 1 2 2
2 Paul Gaustad Miroslav Satan 40 1 2 2
4 vs 4 Defense
Defense Defense Time % Phy DF OF
1 Stephane Robidas Jonathan Ericsson 60 1 2 2
2 Trevor Daley Eric Brewer 40 1 2 2
Last Minutes Offensive
Center Left Wing Right Wing Defense Defense
Jeff Carter Scott Hartnell Martin St. Louis Stephane Robidas Eric Brewer
Last Minutes Defensive
Center Left Wing Right Wing Defense Defense
Martin St. Louis Matthew Lombardi Pascal Dupuis Ladislav Smid Jonathan Ericsson
Goaltenders
Starting : Antti Niemi
Backup : Chris Mason
Extra Forwards
Normal : Jeff Carter, Paul Gaustad, Martin St. Louis - PP : Jeff Carter, Miroslav Satan - PK : Matthew Lombardi
Extra Defensemen
Normal : Stephane Robidas, Jonathan Ericsson, Eric Brewer - PP : Stephane Robidas - PK : Jonathan Ericsson, Ladislav Smid
Penalty Shots
Jeff Carter, Martin St. Louis, Jeff O'Neill, Miroslav Satan, Matthew Lombardi
% Time on Ice - Blues
Lines # - Real PCT - Wanted PCT - Time Play
Normal Forward
1 - 33% - 40% - 12:52
2 - 26% - 30% - 10:12
3 - 28% - 20% - 11:01
4 - 13% - 10% - 4:56
Normal Defense
1 - 43% - 40% - 16:58
2 - 28% - 30% - 10:57
3 - 24% - 20% - 9:31
4 - 4% - 10% - 1:35
PP Forward
1 - 62% - 60% - 5:01
2 - 38% - 40% - 3:01
PP Defense
1 - 62% - 60% - 5:00
2 - 38% - 40% - 3:02
PK Forward
1 - 72% - 60% - 7:15
2 - 28% - 40% - 2:46
PK Defense
1 - 61% - 60% - 6:09
2 - 39% - 40% - 3:52
PK3 Forward
1 - 0% - 60%
2 - 0% - 40%
PK3 Defense
1 - 0% - 60%
2 - 0% - 40%
44 Forward
1 - 59% - 60% - 1:07
2 - 41% - 40% - 0:46
44 Defense
1 - 58% - 60% - 1:06
2 - 42% - 40% - 0:47
Last Minute Offensive - 1:03
Last Minute Defensive - 0:00
Total
Forward - 60:00
Defense - 60:00
|
% Time on Ice - Flyers
Lines # - Real PCT - Wanted PCT - Time Play
Normal Forward
1 - 33% - 40% - 13:03
2 - 26% - 30% - 10:17
3 - 23% - 20% - 9:06
4 - 17% - 10% - 6:34
Normal Defense
1 - 35% - 35% - 13:40
2 - 35% - 35% - 13:50
3 - 28% - 20% - 10:46
4 - 2% - 10% - 0:44
PP Forward
1 - 55% - 60% - 5:32
2 - 45% - 40% - 4:29
PP Defense
1 - 58% - 60% - 5:47
2 - 42% - 40% - 4:14
PK Forward
1 - 76% - 60% - 6:04
2 - 24% - 40% - 1:58
PK Defense
1 - 60% - 60% - 4:47
2 - 40% - 40% - 3:15
PK3 Forward
1 - 0% - 60%
2 - 0% - 40%
PK3 Defense
1 - 0% - 60%
2 - 0% - 40%
44 Forward
1 - 51% - 60% - 0:58
2 - 49% - 40% - 0:55
44 Defense
1 - 58% - 60% - 1:05
2 - 42% - 40% - 0:48
Last Minute Offensive - 0:00
Last Minute Defensive - 1:04
Total
Forward - 60:00
Defense - 60:00
|
Play by Play
1st period
0:01 of 1st period - Travis Zajac wins face-off versus Jeff Carter in neutral zone.
0:14 of 1st period - Slapshot by Jeff Carter.
0:14 of 1st period - Deflect By Bryce Lampman.
0:14 of 1st period - Stopped by Tuukka Rask with a rebound.
0:16 of 1st period - Wrist shot by Jeff Carter.
0:16 of 1st period - Deflect By Dan Boyle.
0:16 of 1st period - Stopped by Tuukka Rask without a rebound.
0:17 of 1st period - Miroslav Satan wins face-off versus Andrew Cogliano in Blues zone.
0:18 of 1st period - Snap shot by Paul Gaustad.
0:18 of 1st period - Stopped by Tuukka Rask without a rebound.
0:19 of 1st period - Andrew Cogliano wins face-off versus Paul Gaustad in Blues zone.
0:19 of 1st period - Andrew Cogliano is hit by Ladislav Smid.
0:22 of 1st period - Minor Penalty to Michael Frolik for Cross-checking.
0:23 of 1st period - Ales Kotalik wins face-off versus Jeff Carter in Blues zone.
0:23 of 1st period - Ales Kotalik is hit by Stephane Robidas.
0:28 of 1st period - Minor Penalty to Jonathan Ericsson for Tripping.
0:29 of 1st period - Travis Zajac wins face-off versus Martin St. Louis in Flyers zone.
0:41 of 1st period - Snap shot by Paul Kariya.
0:41 of 1st period - Stopped by Antti Niemi without a rebound.
0:42 of 1st period - Paul Gaustad wins face-off versus Andrew Cogliano in Flyers zone.
0:58 of 1st period - Snap shot by Marian Hossa.
0:58 of 1st period - Goal by Marian Hossa - Blues : 1 - Flyers : 0.
0:59 of 1st period - Martin St. Louis wins face-off versus Travis Zajac in neutral zone.
1:26 of 1st period - Miroslav Satan is hit by Marian Hossa and loses puck.
1:37 of 1st period - Snap shot by Andrew Cogliano.
1:37 of 1st period - Stopped by Antti Niemi with a rebound.
1:47 of 1st period - Slapshot by Jeff Carter.
1:47 of 1st period - Shot Misses the Net.
1:50 of 1st period - Icing by Kristopher Letang.
1:51 of 1st period - Martin St. Louis wins face-off versus Travis Zajac in Blues zone.
2:22 of 1st period - Penalty to Michael Frolik is over, Michael Frolik is back on ice.
2:23 of 1st period - Off-side.
2:24 of 1st period - Jeff O'Neill wins face-off versus Derek Stepan in neutral zone.
2:28 of 1st period - Penalty to Jonathan Ericsson is over, Jonathan Ericsson is back on ice.
2:51 of 1st period - Snap shot by Jeff O'Neill.
2:51 of 1st period - Stopped by Tuukka Rask without a rebound.
2:52 of 1st period - Erik Rasmussen wins face-off versus Paul Gaustad in Blues zone.
3:17 of 1st period - Jonathan Ericsson is hit by Kevin Shattenkirk and loses puck.
3:26 of 1st period - Wrist shot by Scott Hannan.
3:26 of 1st period - Shot Misses the Net.
3:32 of 1st period - Minor Penalty to Paul Kariya for High sticking.
3:33 of 1st period - Ales Kotalik wins face-off versus Jeff Carter in Blues zone.
5:11 of 1st period - Drew Fata is hit by Trevor Daley and loses puck.
5:32 of 1st period - Penalty to Paul Kariya is over, Paul Kariya is back on ice.
5:57 of 1st period - Michael Frolik is hit by Matthew Lombardi and loses puck.
6:02 of 1st period - Snap shot by Petr Schastlivy.
6:02 of 1st period - Shot Blocked by Drew Fata.
6:08 of 1st period - Matthew Lombardi is hit by Drew Fata and loses puck.
6:19 of 1st period - Kristopher Letang is hit by Derek Boogaard and loses puck.
6:53 of 1st period - Taylor Pyatt is hit by Eric Brewer and loses puck.
7:08 of 1st period - Kevin Shattenkirk is hit by Eric Brewer and loses puck.
7:39 of 1st period - Icing by Derek Boogaard.
7:40 of 1st period - Jeff O'Neill wins face-off versus Taylor Pyatt in Flyers zone.
7:40 of 1st period - Jeff O'Neill is hit by Michael Frolik.
8:16 of 1st period - Minor Penalty to Paul Gaustad for Hooking.
8:17 of 1st period - Jeff O'Neill wins face-off versus Derek Stepan in Flyers zone.
8:53 of 1st period - Slapshot by Matthew Lombardi.
8:53 of 1st period - Shot Blocked by Brian Lee.
8:55 of 1st period - Slapshot by Ladislav Smid.
8:55 of 1st period - Shot Hit the Post.
9:54 of 1st period - Derek Boogaard is hit by Paul Kariya and loses puck.
10:16 of 1st period - Penalty to Paul Gaustad is over, Paul Gaustad is back on ice.
10:25 of 1st period - Snap shot by Matthew Lombardi.
10:25 of 1st period - Shot Blocked by Kristopher Letang.
10:43 of 1st period - Snap shot by Miroslav Satan.
10:43 of 1st period - Stopped by Tuukka Rask with a rebound.
11:05 of 1st period - Jonathan Ericsson is hit by Kevin Shattenkirk and loses puck.
11:34 of 1st period - Sergei Shirokov is hit by Pascal Dupuis.
12:57 of 1st period - Jonathan Ericsson is hit by Paul Kariya and loses puck.
13:16 of 1st period - Slapshot by Stephane Robidas.
13:16 of 1st period - Shot Blocked by Ales Kotalik.
14:53 of 1st period - Brian Lee is hit by Ladislav Smid and loses puck.
15:10 of 1st period - Kristopher Letang is hit by Martin St. Louis and loses puck.
15:15 of 1st period - Snap shot by Martin St. Louis.
15:15 of 1st period - Shot Blocked by Kristopher Letang.
15:27 of 1st period - David Perron is hit by Pascal Dupuis and loses puck.
15:33 of 1st period - Icing by Bryce Lampman.
15:34 of 1st period - Jeff O'Neill wins face-off versus Andrew Cogliano in Blues zone.
15:51 of 1st period - Marian Hossa is hit by Derek Boogaard and loses puck.
15:58 of 1st period - Jeff O'Neill is hit by Marian Hossa and loses puck.
16:18 of 1st period - Trevor Daley is hit by Marcel Hossa and loses puck.
17:34 of 1st period - Wrist shot by Paul Kariya.
17:34 of 1st period - Shot Misses the Net.
17:46 of 1st period - Snap shot by Michael Frolik.
17:46 of 1st period - Stopped by Antti Niemi with a rebound.
18:04 of 1st period - Snap shot by Paul Gaustad.
18:04 of 1st period - Deflect By Miroslav Satan.
18:04 of 1st period - Stopped by Tuukka Rask without a rebound.
18:05 of 1st period - Travis Zajac wins face-off versus Jeff Carter in Blues zone.
19:16 of 1st period - Snap shot by Sergei Shirokov.
19:16 of 1st period - Shot Misses the Net.
19:51 of 1st period - Wrist shot by Marcel Hossa.
19:51 of 1st period - Shot Misses the Net.
Goals for this period are 1 for Blues vs 0 for Flyers.
Shots for this period are 4 for Blues vs 6 for Flyers.
2nd period
0:01 of 2nd period - Jeff Carter wins face-off versus Travis Zajac in neutral zone.
0:26 of 2nd period - Paul Kariya is hit by Eric Brewer and loses puck.
0:31 of 2nd period - Slapshot by Stephane Robidas.
0:31 of 2nd period - Stopped by Tuukka Rask with a rebound.
0:33 of 2nd period - Wrist shot by Michael Ryder.
0:33 of 2nd period - Shot Misses the Net.
0:49 of 2nd period - Slapshot by Ryane Clowe.
0:49 of 2nd period - Shot Misses the Net.
1:59 of 2nd period - Marcel Hossa is hit by Ryane Clowe and loses puck.
2:06 of 2nd period - Wrist shot by Paul Gaustad.
2:06 of 2nd period - Stopped by Tuukka Rask without a rebound.
2:07 of 2nd period - Jeff O'Neill wins face-off versus Andrew Cogliano in Blues zone.
2:39 of 2nd period - Slapshot by Ryane Clowe.
2:39 of 2nd period - Stopped by Tuukka Rask with a rebound.
2:41 of 2nd period - Slapshot by Miroslav Satan.
2:41 of 2nd period - Shot Blocked by Brian Lee.
2:51 of 2nd period - Slapshot by Brian Lee.
2:51 of 2nd period - Stopped by Antti Niemi without a rebound.
2:52 of 2nd period - Erik Rasmussen wins face-off versus Jeff Carter in Flyers zone.
2:53 of 2nd period - Wrist shot by Marcel Hossa.
2:53 of 2nd period - Stopped by Antti Niemi with a rebound.
3:01 of 2nd period - Wrist shot by Jeff Carter.
3:01 of 2nd period - Shot Misses the Net.
3:03 of 2nd period - Slapshot by Martin St. Louis.
3:03 of 2nd period - Goal by Martin St. Louis - Blues : 1 - Flyers : 1.
3:04 of 2nd period - Martin St. Louis wins face-off versus Travis Zajac in neutral zone.
3:12 of 2nd period - Snap shot by Jeff Carter.
3:12 of 2nd period - Shot Misses the Net.
3:17 of 2nd period - Minor Penalty to Marian Hossa for Slashing.
3:18 of 2nd period - Jeff Carter wins face-off versus Ales Kotalik in Blues zone.
5:17 of 2nd period - Penalty to Marian Hossa is over, Marian Hossa is back on ice.
5:29 of 2nd period - Andrew Cogliano is hit by Ladislav Smid.
5:47 of 2nd period - Slapshot by Petr Schastlivy.
5:47 of 2nd period - Shot Misses the Net.
6:03 of 2nd period - Slapshot by Kristopher Letang.
6:03 of 2nd period - Stopped by Antti Niemi without a rebound.
6:04 of 2nd period - Michael Ryder wins face-off versus Erik Rasmussen in Flyers zone.
6:20 of 2nd period - Wrist shot by Dan Boyle.
6:20 of 2nd period - Goal by Dan Boyle - Blues : 2 - Flyers : 1.
6:21 of 2nd period - Jeff Carter wins face-off versus Travis Zajac in neutral zone.
6:23 of 2nd period - Off-side.
6:24 of 2nd period - Jeff Carter wins face-off versus Travis Zajac in neutral zone.
6:24 of 2nd period - Jeff Carter is hit by Dan Boyle.
6:28 of 2nd period - Bryce Lampman is hit by Scott Hartnell and loses puck.
6:51 of 2nd period - Wrist shot by Ryane Clowe.
6:51 of 2nd period - Stopped by Tuukka Rask without a rebound.
6:52 of 2nd period - Paul Gaustad wins face-off versus Andrew Cogliano in Blues zone.
6:55 of 2nd period - Snap shot by Paul Gaustad.
6:55 of 2nd period - Stopped by Tuukka Rask without a rebound.
6:56 of 2nd period - Paul Gaustad wins face-off versus Travis Zajac in Blues zone.
6:58 of 2nd period - Minor Penalty to Brian Lee for Roughing.
6:59 of 2nd period - Jeff Carter wins face-off versus Ales Kotalik in Blues zone.
7:49 of 2nd period - Jeff Carter is hit by Ales Kotalik and loses puck.
8:58 of 2nd period - Penalty to Brian Lee is over, Brian Lee is back on ice.
9:10 of 2nd period - Jeff O'Neill is hit by Brian Lee and loses puck.
9:25 of 2nd period - Jeff O'Neill is hit by Brian Lee and loses puck.
9:30 of 2nd period - Snap shot by Brian Lee.
9:30 of 2nd period - Shot Misses the Net.
9:32 of 2nd period - Slapshot by Dan Boyle.
9:32 of 2nd period - Shot Blocked by Trevor Daley.
9:34 of 2nd period - Snap shot by Brian Lee.
9:34 of 2nd period - Shot Misses the Net.
9:36 of 2nd period - Snap shot by David Perron.
9:36 of 2nd period - Stopped by Antti Niemi without a rebound.
9:37 of 2nd period - Travis Zajac wins face-off versus Matthew Lombardi in Flyers zone.
10:11 of 2nd period - Minor Penalty to Ladislav Smid for Tripping.
10:12 of 2nd period - Jeff O'Neill wins face-off versus Paul Kariya in Flyers zone.
10:16 of 2nd period - Wrist shot by Marian Hossa.
10:16 of 2nd period - Deflect By Paul Kariya.
10:16 of 2nd period - Shot Blocked by Trevor Daley.
10:16 of 2nd period - Puck is out of play.
10:17 of 2nd period - Jeff O'Neill wins face-off versus Derek Stepan in Flyers zone.
10:25 of 2nd period - Off-side.
10:26 of 2nd period - Jeff O'Neill wins face-off versus Derek Stepan in neutral zone.
10:48 of 2nd period - Icing by Kristopher Letang.
10:49 of 2nd period - Jeff O'Neill wins face-off versus Marian Hossa in Blues zone.
11:16 of 2nd period - Snap shot by Paul Kariya.
11:16 of 2nd period - Deflect By Marian Hossa.
11:16 of 2nd period - Shot Misses the Net.
11:16 of 2nd period - Puck is out of play.
11:17 of 2nd period - Jeff O'Neill wins face-off versus Travis Zajac in Flyers zone.
11:17 of 2nd period - Jeff O'Neill is hit by Michael Frolik.
12:11 of 2nd period - Penalty to Ladislav Smid is over, Ladislav Smid is back on ice.
12:39 of 2nd period - Wrist shot by Travis Zajac.
12:39 of 2nd period - Stopped by Antti Niemi without a rebound.
12:40 of 2nd period - Jeff Carter wins face-off versus Travis Zajac in Flyers zone.
13:05 of 2nd period - Snap shot by Sergei Shirokov.
13:05 of 2nd period - Stopped by Antti Niemi without a rebound.
13:06 of 2nd period - Paul Gaustad wins face-off versus Marcel Hossa in Flyers zone.
13:31 of 2nd period - Snap shot by Michael Ryder.
13:31 of 2nd period - Shot Blocked by Dan Boyle.
13:45 of 2nd period - Minor Penalty to David Perron for Holding.
13:46 of 2nd period - Jeff Carter wins face-off versus Ales Kotalik in Blues zone.
14:02 of 2nd period - Snap shot by Taylor Pyatt.
14:02 of 2nd period - Shot Misses the Net.
14:20 of 2nd period - Wrist shot by Paul Gaustad.
14:20 of 2nd period - Stopped by Tuukka Rask without a rebound.
14:21 of 2nd period - Jeff Carter wins face-off versus Andrew Cogliano in Blues zone.
15:24 of 2nd period - Sergei Shirokov is hit by Paul Gaustad and loses puck.
15:45 of 2nd period - Penalty to David Perron is over, David Perron is back on ice.
16:01 of 2nd period - Wrist shot by Travis Zajac.
16:01 of 2nd period - Shot Blocked by Michael Ryder.
16:03 of 2nd period - Snap shot by Marian Hossa.
16:03 of 2nd period - Goal by Marian Hossa - Blues : 3 - Flyers : 1.
16:04 of 2nd period - Jeff Carter wins face-off versus Travis Zajac in neutral zone.
16:06 of 2nd period - Minor Penalty to Martin St. Louis for Hooking.
16:07 of 2nd period - Jeff O'Neill wins face-off versus Derek Stepan in Flyers zone.
18:06 of 2nd period - Penalty to Martin St. Louis is over, Martin St. Louis is back on ice.
19:01 of 2nd period - Slapshot by Scott Hannan.
19:01 of 2nd period - Stopped by Tuukka Rask without a rebound.
19:02 of 2nd period - Erik Rasmussen wins face-off versus Paul Gaustad in Blues zone.
19:02 of 2nd period - Erik Rasmussen is hit by Paul Gaustad.
19:16 of 2nd period - Paul Gaustad is hit by Erik Rasmussen and loses puck.
19:23 of 2nd period - Wrist shot by Erik Rasmussen.
19:23 of 2nd period - Shot Misses the Net.
19:25 of 2nd period - Snap shot by Erik Rasmussen.
19:25 of 2nd period - Stopped by Antti Niemi without a rebound.
19:26 of 2nd period - Travis Zajac wins face-off versus Scott Hartnell in Flyers zone.
19:29 of 2nd period - Wrist shot by Marian Hossa.
19:29 of 2nd period - Stopped by Antti Niemi with a rebound.
19:39 of 2nd period - Snap shot by Jeff Carter.
19:39 of 2nd period - Shot Blocked by Bryce Lampman.
19:41 of 2nd period - Slapshot by Jeff Carter.
19:41 of 2nd period - Stopped by Tuukka Rask without a rebound.
19:42 of 2nd period - Paul Gaustad wins face-off versus David Perron in Blues zone.
19:43 of 2nd period - Backhand shot by Ryane Clowe.
19:43 of 2nd period - Goal by Ryane Clowe - Blues : 3 - Flyers : 2.
19:44 of 2nd period - Jeff Carter wins face-off versus Travis Zajac in neutral zone.
Goals for this period are 2 for Blues vs 2 for Flyers.
Shots for this period are 10 for Blues vs 10 for Flyers.
3rd period
0:01 of 3rd period - Martin St. Louis wins face-off versus Travis Zajac in neutral zone.
0:03 of 3rd period - Jonathan Ericsson is hit by Travis Zajac and loses puck.
0:45 of 3rd period - Wrist shot by Dan Boyle.
0:45 of 3rd period - Stopped by Antti Niemi without a rebound.
0:46 of 3rd period - Jeff O'Neill wins face-off versus Erik Rasmussen in Flyers zone.
0:53 of 3rd period - Wrist shot by Sergei Shirokov.
0:53 of 3rd period - Stopped by Antti Niemi with a rebound.
1:23 of 3rd period - Kevin Shattenkirk is hit by Jeff O'Neill and loses puck.
1:40 of 3rd period - Slapshot by Jonathan Ericsson.
1:40 of 3rd period - Stopped by Tuukka Rask with a rebound.
1:42 of 3rd period - Snap shot by Jonathan Ericsson.
1:42 of 3rd period - Stopped by Tuukka Rask with a rebound.
2:18 of 3rd period - Slapshot by Drew Fata.
2:18 of 3rd period - Deflect By Eric Brewer.
2:18 of 3rd period - Stopped by Antti Niemi without a rebound.
2:19 of 3rd period - Matthew Lombardi wins face-off versus Travis Zajac in Flyers zone.
2:43 of 3rd period - Icing by Trevor Daley.
2:44 of 3rd period - Matthew Lombardi wins face-off versus Andrew Cogliano in Flyers zone.
2:48 of 3rd period - Off-side.
2:49 of 3rd period - Jeff Carter wins face-off versus Andrew Cogliano in neutral zone.
2:54 of 3rd period - Michael Frolik is hit by Martin St. Louis and loses puck.
2:59 of 3rd period - Snap shot by Martin St. Louis.
2:59 of 3rd period - Stopped by Tuukka Rask with a rebound.
3:01 of 3rd period - Slapshot by Jonathan Ericsson.
3:01 of 3rd period - Shot Blocked by Kristopher Letang.
3:03 of 3rd period - Slapshot by Stephane Robidas.
3:03 of 3rd period - Stopped by Tuukka Rask with a rebound.
4:22 of 3rd period - Ladislav Smid is hit by Dan Boyle and loses puck.
4:48 of 3rd period - Snap shot by Marcel Hossa.
4:48 of 3rd period - Shot Misses the Net.
5:02 of 3rd period - Snap shot by Travis Zajac.
5:02 of 3rd period - Stopped by Antti Niemi without a rebound.
5:03 of 3rd period - Travis Zajac wins face-off versus Jeff O'Neill in Flyers zone.
5:04 of 3rd period - Snap shot by Marian Hossa.
5:04 of 3rd period - Stopped by Antti Niemi with a rebound.
5:06 of 3rd period - Slapshot by Drew Fata.
5:06 of 3rd period - Shot Misses the Net.
5:08 of 3rd period - Slapshot by Drew Fata.
5:08 of 3rd period - Stopped by Antti Niemi without a rebound.
5:09 of 3rd period - Jeff Carter wins face-off versus Travis Zajac in Flyers zone.
5:09 of 3rd period - Jeff Carter is hit by Marian Hossa.
5:12 of 3rd period - Minor Penalty to Stephane Robidas for High sticking.
5:13 of 3rd period - Derek Stepan wins face-off versus Jeff O'Neill in Flyers zone.
5:17 of 3rd period - Snap shot by Dan Boyle.
5:17 of 3rd period - Stopped by Antti Niemi without a rebound.
5:18 of 3rd period - Jeff O'Neill wins face-off versus Derek Stepan in Flyers zone.
5:18 of 3rd period - Jeff O'Neill is hit by Marian Hossa.
5:30 of 3rd period - Snap shot by Marian Hossa.
5:30 of 3rd period - Shot Misses the Net.
5:32 of 3rd period - Wrist shot by Derek Stepan.
5:32 of 3rd period - Shot Misses the Net.
5:34 of 3rd period - Slapshot by Kristopher Letang.
5:34 of 3rd period - Blues goal is going for a video replay.
5:34 of 3rd period - The goal is refused. The referee deems the play has been stopped, even if he had not physically had the opportunity to stop play by blowing his whistle..
5:35 of 3rd period - Jeff O'Neill wins face-off versus Travis Zajac in Flyers zone.
6:08 of 3rd period - Kristopher Letang is hit by Trevor Daley and loses puck.
6:23 of 3rd period - Slapshot by Pascal Dupuis.
6:23 of 3rd period - Stopped by Tuukka Rask with a rebound.
7:12 of 3rd period - Penalty to Stephane Robidas is over, Stephane Robidas is back on ice.
7:23 of 3rd period - Wrist shot by Marcel Hossa.
7:23 of 3rd period - Stopped by Antti Niemi with a rebound.
7:25 of 3rd period - Snap shot by Sergei Shirokov.
7:25 of 3rd period - Shot Blocked by Stephane Robidas.
7:27 of 3rd period - Slapshot by Bryce Lampman.
7:27 of 3rd period - Stopped by Antti Niemi with a rebound.
8:02 of 3rd period - Michael Frolik is hit by Ladislav Smid and loses puck.
8:09 of 3rd period - Wrist shot by Petr Schastlivy.
8:09 of 3rd period - Goal by Petr Schastlivy - Blues : 3 - Flyers : 3.
8:10 of 3rd period - Paul Gaustad wins face-off versus Travis Zajac in neutral zone.
8:26 of 3rd period - Off-side.
8:27 of 3rd period - Jeff Carter wins face-off versus Andrew Cogliano in neutral zone.
8:34 of 3rd period - Snap shot by Jeff Carter.
8:34 of 3rd period - Stopped by Tuukka Rask without a rebound.
8:35 of 3rd period - Andrew Cogliano wins face-off versus Jeff Carter in Blues zone.
8:35 of 3rd period - Andrew Cogliano is hit by Jeff Carter.
8:38 of 3rd period - Minor Penalty to Brian Lee for Hooking.
8:39 of 3rd period - Ales Kotalik wins face-off versus Jeff Carter in Blues zone.
9:06 of 3rd period - Taylor Pyatt is hit by Ryane Clowe and loses puck.
9:44 of 3rd period - Snap shot by Bryce Lampman.
9:44 of 3rd period - Shot Blocked by Paul Gaustad.
10:38 of 3rd period - Penalty to Brian Lee is over, Brian Lee is back on ice.
10:52 of 3rd period - Snap shot by Travis Zajac.
10:52 of 3rd period - Stopped by Antti Niemi without a rebound.
10:53 of 3rd period - Matthew Lombardi wins face-off versus Travis Zajac in Flyers zone.
11:22 of 3rd period - Snap shot by Derek Boogaard.
11:22 of 3rd period - Shot Misses the Net.
12:36 of 3rd period - Off-side.
12:37 of 3rd period - Jeff O'Neill wins face-off versus Erik Rasmussen in neutral zone.
13:06 of 3rd period - Kevin Shattenkirk is hit by Ladislav Smid and loses puck.
13:34 of 3rd period - Eric Brewer is hit by Drew Fata and loses puck.
13:47 of 3rd period - Snap shot by Petr Schastlivy.
13:47 of 3rd period - Goal by Petr Schastlivy - Blues : 3 - Flyers : 4.
13:48 of 3rd period - Travis Zajac wins face-off versus Jeff Carter in neutral zone.
13:55 of 3rd period - Jonathan Ericsson is hit by Kristopher Letang and loses puck.
14:04 of 3rd period - Jeff Carter is hit by Brian Lee and loses puck.
15:39 of 3rd period - Wrist shot by Travis Zajac.
15:39 of 3rd period - Deflect By Paul Kariya.
15:39 of 3rd period - Stopped by Antti Niemi without a rebound.
15:40 of 3rd period - Travis Zajac wins face-off versus Jeff Carter in Flyers zone.
17:28 of 3rd period - Wrist shot by Ryane Clowe.
17:28 of 3rd period - Stopped by Tuukka Rask with a rebound.
17:30 of 3rd period - Snap shot by Paul Gaustad.
17:30 of 3rd period - Stopped by Tuukka Rask with a rebound.
17:42 of 3rd period - Backhand shot by Michael Frolik.
17:42 of 3rd period - Shot Misses the Net.
17:44 of 3rd period - Snap shot by David Perron.
17:44 of 3rd period - Shot Blocked by Paul Gaustad.
17:46 of 3rd period - Slapshot by Michael Frolik.
17:46 of 3rd period - Stopped by Antti Niemi without a rebound.
17:47 of 3rd period - Paul Gaustad wins face-off versus Travis Zajac in Flyers zone.
18:42 of 3rd period - Slapshot by Petr Schastlivy.
18:42 of 3rd period - Stopped by Tuukka Rask with a rebound.
18:44 of 3rd period - Slapshot by Scott Hannan.
18:44 of 3rd period - Shot Misses the Net.
18:46 of 3rd period - Snap shot by Trevor Daley.
18:46 of 3rd period - Shot Misses the Net.
18:48 of 3rd period - Slapshot by Matthew Lombardi.
18:48 of 3rd period - Shot Blocked by Kevin Shattenkirk.
19:20 of 3rd period - Blues, Tuukka Rask is pulled from the net.
19:32 of 3rd period - Wrist shot by Martin St. Louis.
19:32 of 3rd period - Shot Misses the Net.
19:56 of 3rd period - Wrist shot by Matthew Lombardi.
19:56 of 3rd period - Shot Misses the Net.
Goals for this period are 0 for Blues vs 2 for Flyers.
Shots for this period are 13 for Blues vs 11 for Flyers.
Output by the SimonT Hockey Simulator (STHS) for François Prévost -- Original Page W3C XHTML 1.0 Valid